AoeStats
← 陟遐自迩

Arena

506850520Analyzed
4v4 RM · 16d ago on Sep 15, 2026· 67m 3s· 8 players
Game mode
Random Map
Map size
Large (8 player)
Population
200
Speed
Normal
Resources
Standard
Victory
Conquest
Starting age
Dark Age
Ending age
Imperial Age
RankedLock teamsTeams togetherTeam positionsShared explorationLock speedFull tech treeHidden civsTurbo modeCheats
Victory
Defeat
🇹🇼 Khmer · Taiwan
1144
+14
🇹🇼 Mongols · Taiwan
1119
+15
🇹🇼 Japanese · Taiwan
1049
+18
🇹🇼 Chinese · Taiwan
1001
+20
🇨🇿 Khmer · Czechia
1110
-17
🇨🇳 Poles · China
1107
-17
🇩🇪 Huns · Germany
1097
-17
🇺🇸 Ethiopians · United States
1066
-16
D0UBLEoS3V3N
0:44 Loom
10:15 Feudal Age
15:26 Castle Age
14:31 Scale Mail Armor
14:33 Gold Mining
14:28 Horse Collar
15:57 Double-Bit Axe
16:40 Forging
17:35 Heavy Plow
18:36 Squires
19:07 Bow Saw
19:43 Fervor
20:57 Wheelbarrow
22:12 Stone Mining
23:17 Hand Cart
24:09 Stone Shaft Mining
26:37 Gold Shaft Mining
30:50 Imperial Age
29:02 Chain Mail Armor
29:41 Masonry
30:08 Arson
31:02 Iron Casting
31:45 Torsion Engines
32:56 Onager
34:08 Conscription
33:45 Halberdier
35:54 Chemistry
35:15 Royal Heirs
38:07 Plate Mail Armor
38:38 Blast Furnace
39:47 Two-Man Saw
44:05 Siege Engineers
43:56 Murder Holes
44:32 Elite Shotel Warrior
51:08 Architecture
54:27 Fortified Wall
54:11 Fletching
55:30 Siege Onager
63:37 Guilds
64:03 Bodkin Arrow
66:29 Thumb Ring
66:28 Padded Archer Armor
65:55 Elite Skirmisher
67:47 Ballistics
陟遐自迩
0:33 Loom
2:08 Loom
2:37 Loom
11:10 Feudal Age
11:53 Horse Collar
17:49 Castle Age
15:51 Double-Bit Axe
17:15 Stone Mining
18:17 Wheelbarrow
19:24 Bow Saw
19:19 Heavy Plow
21:52 Gold Mining
24:15 Gold Shaft Mining
25:40 Forging
31:51 Imperial Age
30:41 Scale Barding Armor
30:59 Hand Cart
30:30 Town Watch
32:18 Iron Casting
32:04 Chain Barding Armor
32:40 Scale Mail Armor
33:44 Two-Man Saw
32:23 Pikeman
33:03 Squires
32:50 Arson
34:33 Blast Furnace
33:52 Caravan
33:16 Halberdier
35:22 Plate Barding Armor
35:03 Chain Mail Armor
35:57 Husbandry
36:07 Bloodlines
37:07 Conscription
36:48 Marauders
36:08 Elite Tarkan
36:11 Cavalier
37:17 Paladin
37:41 Light Cavalry
38:37 Fletching
38:49 Padded Archer Armor
40:51 Elite Tarkan
marek.rihu
9:45 Feudal Age
13:12 Castle Age
11:26 Double-Bit Axe
14:14 Horse Collar
21:30 Heavy Plow
23:27 Wheelbarrow
23:37 Bow Saw
27:12 Hand Cart
31:19 Imperial Age
29:40 Bloodlines
31:03 Husbandry
31:14 Light Cavalry
32:17 Forging
32:13 Scale Barding Armor
33:57 Heavy Scorpion
39:13 Chain Barding Armor
39:28 Iron Casting
39:13 Chain Barding Armor
39:28 Iron Casting
40:01 Hussar
zack
6:09 Loom
6:15 Loom
11:25 Feudal Age
12:10 Double-Bit Axe
15:55 Castle Age
14:17 Horse Collar
17:20 Heavy Plow
18:54 Bow Saw
19:54 Stone Mining
20:31 Gold Mining
22:08 Treadmill Crane
25:03 Wheelbarrow
29:28 Imperial Age
27:15 Hand Cart
26:46 Town Watch
26:47 Loom
27:12 Scale Barding Armor
27:18 Forging
30:00 Chain Barding Armor
30:16 Iron Casting
30:58 Crop Rotation
30:02 Cavalier
32:16 Lechitic Legacy
32:18 Conscription
32:36 Bloodlines
32:26 Husbandry
31:48 Light Cavalry
33:09 Szlachta Privileges
32:28 Winged Hussar
35:30 Blast Furnace
35:48 Chemistry
34:56 Siege Engineers
38:02 Murder Holes
38:19 Masonry
38:05 Fletching
39:46 Scale Mail Armor
39:50 Squires
42:10 Elite Obuch
45:10 Chain Mail Armor
49:31 Fortified Wall
Amby
10:51 Feudal Age
14:00 Castle Age
12:31 Double-Bit Axe
15:20 Bow Saw
14:52 Horse Collar
26:50 Imperial Age
25:17 Wheelbarrow
24:28 Loom
24:43 Stone Mining
25:19 Heavy Plow
25:14 Gold Mining
27:01 Gold Shaft Mining
27:17 Forging
27:10 Tusk Swords
27:39 Husbandry
27:49 Bloodlines
28:31 Scale Barding Armor
29:40 Crop Rotation
30:05 Chain Barding Armor
30:19 Conscription
30:35 Hand Cart
32:25 Iron Casting
31:21 Pikeman
32:01 Halberdier
32:56 Elite Battle Elephant
33:12 Light Cavalry
34:12 Arson
36:06 Blast Furnace
35:08 Scale Mail Armor
36:34 Chemistry
37:34 Plate Barding Armor
38:36 Town Watch
40:19 Chain Mail Armor
42:50 Elite Ballista Elephant
43:39 Caravan
43:18 Hussar
51:38 Fletching
52:05 Siege Engineers
52:22 Ballistics
53:33 Bodkin Arrow
55:06 Double Crossbow
58:19 Padded Archer Armor
夕陽傳說
9:44 Feudal Age
10:42 Double-Bit Axe
10:54 Horse Collar
13:37 Castle Age
15:01 Bow Saw
21:18 Loom
22:41 Wheelbarrow
22:24 Heavy Plow
23:39 Hand Cart
28:18 Scale Barding Armor
28:23 Forging
28:40 Bloodlines
31:30 Imperial Age
29:06 Husbandry
31:05 Chain Barding Armor
31:21 Iron Casting
32:02 Elite Steppe Lancer
35:37 Capped Ram
37:52 Blast Furnace
39:01 Fortified Wall
39:12 Ballistics
39:53 Chemistry
44:02 Siege Engineers
46:51 Gold Mining
51:01 Conscription
51:24 Gold Shaft Mining
51:16 Elite Mangudai
52:19 Masonry
53:09 Light Cavalry
54:13 Thumb Ring
54:33 Parthian Tactics
54:26 Hussar
55:25 Siege Ram
56:31 Fletching
56:42 Padded Archer Armor
57:13 Bodkin Arrow
59:22 Bracer
64:53 Leather Archer Armor
AnAnHeart
10:27 Feudal Age
10:38 Loom
17:49 Castle Age
17:23 Double-Bit Axe
17:35 Horse Collar
20:30 Bow Saw
26:15 Heavy Plow
26:53 Fletching
27:36 Bodkin Arrow
28:02 Gold Mining
28:09 Stone Mining
30:20 Wheelbarrow
30:05 Masonry
30:17 Ballistics
34:55 Imperial Age
32:44 Padded Archer Armor
32:56 Scale Mail Armor
35:21 Squires
34:42 Pikeman
35:52 Elite Chu Ko Nu
37:04 Bracer
37:20 Leather Archer Armor
37:16 Forging
38:29 Gold Shaft Mining
38:15 Halberdier
40:34 Chemistry
40:06 Architecture
41:11 Leather Archer Armor
41:11 Chain Mail Armor
42:05 Conscription
42:42 Caravan
43:46 Stone Shaft Mining
44:21 Ring Archer Armor
50:30 Two-Man Saw
61:28 Plate Mail Armor
61:33 Iron Casting
61:49 Fortified Wall
64:13 Capped Ram
66:41 Blast Furnace
65:48 Scale Barding Armor
Mors
12:22 Feudal Age
16:12 Castle Age
14:05 Double-Bit Axe
15:27 Loom
19:47 Gold Mining
30:17 Imperial Age
29:46 Horse Collar
31:01 Scale Mail Armor
31:11 Forging
37:22 Chain Mail Armor
37:42 Iron Casting
37:50 Gold Shaft Mining
40:01 Bow Saw
39:54 Heavy Plow
40:27 Plate Mail Armor
40:58 Blast Furnace
41:11 Squires
40:33 Pikeman
52:32 Wheelbarrow
51:42 Town Watch
52:35 Fortified Wall
53:30 Blast Furnace
58:02 Caravan
59:26 Hand Cart
59:11 Town Patrol
59:30 Elite Samurai
60:32 Kataparuto
60:49 Guard Tower
60:44 Arrowslits
62:18 Keep
61:45 Halberdier
Connection lost

Rejoining the realm…

Still unreachable

The connection could not be restored.

Session expired

The server has moved on; the page needs a fresh start.